[Event "Titled Tuesday Blitz August 22 Late 2023"]
[White "Deac, Bogdan-Daniel"]
[Black "miraitrunks"]
[WhiteFideId "1226380"]
[WhiteElo "3045"]
[BlackElo "1970"]
[Result "1-0"]
[Round "2"]
[TimeControl "180+1"]
[Date "2023.08.22"]
[WhiteClock "0:01:30"]
[BlackClock "0:00:44"]
[Board "119"]

1. b3 d5 2. Bb2 Bf5 3. e3 e6 4. c4 Nf6 5. cxd5 exd5 6. Qf3 Be4 7. Bxf6 Qxf6 8. Qxf6 gxf6 9. Nc3 Nc6 10. f3 Nb4 11. fxe4 Nc2+ 12. Kd1 Nxa1 13. exd5 Ba3 14. Bb5+ Ke7 15. Nf3 a6 16. Bd3 Rhg8 17. g3 b5 18. Ke2 b4 19. Na4 Nxb3 20. axb3 Rad8 21. Bxa6 Rxd5 22. Bc4 Rh5 23. Rg1 f5 24. Kf2 Kf6 25. Rb1 Rd8 26. Ra1 c5 27. Ra2 f4 28. exf4 Bc1 29. Rc2 Bxd2 30. Rxd2 Rxd2+ 31. Nxd2 Rxh2+ 32. Ke3 Rg2 33. Ne4+ Kf5 34. Kf3 Rg1 35. g4+ Rxg4 36. Nd6+ 1-0


[Site "https://www.chess.com"]

[Event "Titled Tuesday Blitz August 22 Late 2023"]
[White "Bueno, Alfeu Junior Varela"]
[Black "Holt, Conrad"]
[WhiteFideId "2108879"]
[BlackFideId "2034387"]
[WhiteElo "2414"]
[BlackElo "2925"]
[Result "0-1"]
[Round "2"]
[TimeControl "180+1"]
[Date "2023.08.22"]
[WhiteClock "0:00:00"]
[BlackClock "0:01:28"]
[Board "120"]

1. e4 e6 2. d4 d5 3. Nd2 c5 4. Ngf3 cxd4 5. exd5 Qxd5 6. Bc4 Qd6 7. O-O Nf6 8. Nb3 a6 9. Qxd4 Qxd4 10. Nbxd4 Bc5 11. h3 b5 12. Bb3 Bb7 13. c3 O-O 14. Re1 Nc6 15. Bg5 Nxd4 16. Nxd4 Ne4 17. Be3 Rfd8 18. Rad1 b4 19. cxb4 Bxb4 20. Re2 Rac8 21. Nf3 Nc5 22. Rxd8+ Rxd8 23. Rd2 Bxd2 24. Nxd2 Nxb3 25. Nxb3 Rd1+ 26. Kh2 Bd5 27. Nc5 a5 28. a4 Bc6 29. Nb3 Rd5 30. Bb6 Bxa4 31. Nxa5 Rb5 32. Bc7 Rxb2 33. Bg3 Rc2 34. Nb7 Bc6 35. Nd6 Kf8 36. Nc8 Bxg2 37. Bd6+ Ke8 38. Kxg2 Rxc8 39. Be5 Kd7 40. Kf3 Rg8 41. Bc3 Kd6 42. Ke4 Kc5 43. Bd2 Kc4 44. Be3 Rd8 45. h4 Rd5 46. Kf4 Kd3 47. Kf3 Rf5+ 48. Kg4 h5+ 49. Kg3 Ke2 50. Kg2 Rf3 0-1


[Site "https://www.chess.com"]

[Event "Titled Tuesday Blitz August 22 Late 2023"]
[White "Ronka, Erik"]
[Black "Sargsyan, Shant"]
[WhiteFideId "505080"]
[BlackFideId "13306766"]
[WhiteElo "2413"]
[BlackElo "2918"]
[Result "0-1"]
[Round "2"]
[TimeControl "180+1"]
[Date "2023.08.22"]
[WhiteClock "0:00:08"]
[BlackClock "0:01:34"]
[Board "121"]

1. e4 g6 2. d4 Bg7 3. Nf3 d6 4. Bc4 a6 5. Qe2 b5 6. Bb3 e6 7. O-O Bb7 8. a4 b4 9. c3 bxc3 10. Nxc3 Nd7 11. Bg5 Ne7 12. Rad1 h6 13. Be3 O-O 14. h4 Rb8 15. Bc2 a5 16. Rfe1 Nf6 17. Bf4 Nc6 18. Bh2 Nb4 19. Bb1 Nd7 20. Bf4 Qe7 21. Qd2 Kh7 22. h5 e5 23. Be3 g5 24. dxe5 Nxe5 25. Nd4 Nc4 26. Qe2 Nxe3 27. Qxe3 Qe5 28. Nf3 Qf4 29. Qxf4 gxf4 30. e5+ Kh8 31. exd6 cxd6 32. Rxd6 Rg8 33. Kh2 Bxf3 34. gxf3 Rbc8 35. Re7 Rc5 36. Ne4 Rxh5+ 37. Kg2 Bf8+ 38. Kf1 Bxe7 0-1


[Site "https://www.chess.com"]

[Event "Titled Tuesday Blitz August 22 Late 2023"]
[White "SergioMoralesG"]
[Black "Cordova, Emilio"]
[BlackFideId "3801497"]
[WhiteElo "2412"]
[BlackElo "2861"]
[Result "0-1"]
[Round "2"]
[TimeControl "180+1"]
[Date "2023.08.22"]
[WhiteClock "0:00:00"]
[BlackClock "0:01:24"]
[Board "122"]

1. d4 b6 2. c4 Bb7 3. Nc3 e6 4. a3 f5 5. Nf3 Nf6 6. d5 Na6 7. g3 Nc5 8. Bg2 a5 9. O-O Nce4 10. Nxe4 fxe4 11. Nd2 exd5 12. cxd5 Bxd5 13. Qc2 Qe7 14. Qxc7 Qd6 15. Qxd6 Bxd6 16. Rd1 Bc5 17. Nf1 Bb3 18. Re1 d5 19. Bg5 O-O 20. Nd2 Ba4 21. e3 Ng4 22. Bf4 g5 23. Bxg5 Rxf2 24. Nf1 Raf8 25. h3 Ne5 26. b4 Bd6 27. bxa5 Nd3 28. axb6 Nxe1 29. Rxe1 Bc5 30. Bf4 Rb2 31. Nh2 h5 32. Bf1 Bxb6 33. Be2 h4 34. Ng4 hxg3 35. Bxg3 Kh7 36. Be5 Ra2 37. Nf6+ Kg6 38. Nxd5 Ba5 39. Nf4+ Rxf4 0-1


[Site "https://www.chess.com"]

[Event "Titled Tuesday Blitz August 22 Late 2023"]
[White "Mekhitarian, Krikor Sevag"]
[Black "Mesa Cruz, Juan Carlos"]
[WhiteFideId "2107660"]
[BlackFideId "6423400"]
[WhiteElo "2855"]
[BlackElo "2412"]
[Result "1-0"]
[Round "2"]
[TimeControl "180+1"]
[Date "2023.08.22"]
[WhiteClock "0:01:14"]
[BlackClock "0:00:00"]
[Board "123"]

1. Nf3 Nf6 2. c4 e6 3. Nc3 d5 4. cxd5 exd5 5. d4 c6 6. Bf4 Bd6 7. Bxd6 Qxd6 8. e3 Bf5 9. Nh4 Be6 10. Bd3 O-O 11. O-O Nbd7 12. a3 Rfe8 13. h3 a5 14. Qc2 g6 15. Rab1 Kg7 16. b4 axb4 17. axb4 b5 18. Nf3 Nb6 19. Ne5 Nfd7 20. f4 f6 21. Bxg6 fxe5 22. dxe5 Qe7 23. Bxe8 Rxe8 24. f5 Bxf5 25. Qxf5 Nxe5 26. Ne2 Nbc4 27. Nd4 Nxe3 28. Qf2 Nxf1 29. Nf5+ Kg8 30. Nxe7+ Rxe7 31. Rxf1 1-0


[Site "https://www.chess.com"]

[Event "Titled Tuesday Blitz August 22 Late 2023"]
[White "Manukian, Artak"]
[Black "Klukin, Kirill"]
[WhiteFideId "13301373"]
[BlackFideId "24199273"]
[WhiteElo "2407"]
[BlackElo "2820"]
[Result "0-1"]
[Round "2"]
[TimeControl "180+1"]
[Date "2023.08.22"]
[WhiteClock "0:01:35"]
[BlackClock "0:01:21"]
[Board "124"]

1. e4 c5 2. Nf3 Nc6 3. c3 Nf6 4. e5 Nd5 5. d4 cxd4 6. cxd4 d6 7. Nc3 e6 8. Bd3 Be7 9. O-O Nxc3 10. bxc3 dxe5 11. dxe5 b6 12. Qe2 Bb7 13. Rd1 Qc7 14. Bf4 Rd8 15. h4 h6 16. h5 Na5 17. Bb5+ Bc6 18. Nd4 Bxb5 19. Qxb5+ Qd7 20. a4 O-O 21. g4 Qc7 22. Nf3 Qxc3 23. Kg2 0-1


[Site "https://www.chess.com"]

[Event "Titled Tuesday Blitz August 22 Late 2023"]
[White "Harriott, Tyrell"]
[Black "Hambleton, Aman"]
[WhiteFideId "2086484"]
[BlackFideId "2606577"]
[WhiteElo "2407"]
[BlackElo "2793"]
[Result "0-1"]
[Round "2"]
[TimeControl "180+1"]
[Date "2023.08.22"]
[WhiteClock "0:00:27"]
[BlackClock "0:00:35"]
[Board "125"]

1. d4 b6 2. e3 Bb7 3. f4 g6 4. Nf3 Bg7 5. Bd3 Nf6 6. O-O O-O 7. f5 c5 8. Qe1 d5 9. c3 Ne4 10. fxg6 hxg6 11. Bxe4 dxe4 12. Ng5 Bf6 13. Qh4 Bxg5 14. Qxg5 Kg7 15. Qf4 Nd7 16. b3 e5 17. Qf2 Qg5 18. Na3 Ba6 19. c4 Rae8 20. Nc2 f6 21. Bb2 Bb7 22. Rad1 exd4 23. exd4 e3 24. Qe2 Bxg2 25. Qxg2 Qxg2+ 26. Kxg2 e2 27. d5 exd1=Q 28. Rxd1 Re2+ 29. Kg1 Rxc2 30. Bc1 Ne5 31. a3 Nf3+ 32. Kf1 Nxh2+ 33. Kg1 Nf3+ 34. Kf1 Rh8 35. Bd2 Nxd2+ 36. Ke2 Nxc4+ 37. Kd3 Nb2+ 38. Kxc2 Nxd1 39. Kxd1 Rd8 40. Kc2 Rxd5 41. Kc3 Rd4 42. b4 f5 43. Kb3 b5 44. bxc5 Kf7 45. Kc3 Rc4+ 46. Kb3 Ke8 47. Kb2 Kd7 48. Kb3 Kc6 49. a4 Rxa4 50. Kc3 Rc4+ 51. Kd3 Kxc5 52. Ke3 a5 53. Kf3 g5 54. Ke3 Kd5 55. Ke2 Rc3 56. Kd2 b4 57. Ke1 a4 58. Kd1 f4 59. Kd2 g4 60. Kd1 Kd4 61. Ke2 b3 62. Kd1 a3 63. Ke2 Rc2+ 64. Kd1 Kd3 65. Ke1 f3 66. Kf1 g3 0-1


[Site "https://www.chess.com"]

[Event "Titled Tuesday Blitz August 22 Late 2023"]
[White "Kushko, Dmitriy"]
[Black "Romero Ruscalleda, Josep"]
[WhiteFideId "14162261"]
[BlackFideId "2231859"]
[WhiteElo "2753"]
[BlackElo "2404"]
[Result "1-0"]
[Round "2"]
[TimeControl "180+1"]
[Date "2023.08.22"]
[WhiteClock "0:00:20"]
[BlackClock "0:00:06"]
[Board "126"]

1. Nf3 g6 2. d4 Bg7 3. e4 d6 4. Nc3 a6 5. Be3 b5 6. h4 h5 7. Ng5 Nf6 8. f3 Nbd7 9. Bd3 e5 10. d5 Nc5 11. Bxc5 dxc5 12. a4 b4 13. Nb1 O-O 14. Nd2 Ne8 15. Nb3 Qe7 16. Qe2 Bb7 17. Qf2 c6 18. Qxc5 Nd6 19. dxc6 Rfc8 20. Na5 Rab8 21. Nxb7 Rxb7 22. cxb7 Rxc5 23. b8=Q+ Bf8 24. Qxb4 Rc7 25. O-O Qf6 26. Qd2 Bh6 27. Bxa6 Kg7 28. a5 Qe7 29. Bd3 f6 30. Rfd1 fxg5 31. Bf1 Nf7 32. a6 gxh4 33. Qf2 Ra7 34. Bc4 Ng5 35. Ra5 h3 36. Rxe5 h2+ 37. Kh1 Qxe5 38. Qxa7+ Kf6 39. Qb6+ Ke7 40. Qd6+ Qxd6 41. Rxd6 Kxd6 42. a7 Nxe4 43. fxe4 Be3 44. a8=Q Bg1 45. Qd5+ Ke7 46. e5 g5 47. Qd6+ Ke8 48. e6 1-0


[Site "https://www.chess.com"]

[Event "Titled Tuesday Blitz August 22 Late 2023"]
[White "Martinez Ramirez, Lennis"]
[Black "Mazibuko, Khanya"]
[WhiteFideId "3509079"]
[BlackFideId "14321041"]
[WhiteElo "2727"]
[BlackElo "2403"]
[Result "1-0"]
[Round "2"]
[TimeControl "180+1"]
[Date "2023.08.22"]
[WhiteClock "0:01:11"]
[BlackClock "0:00:00"]
[Board "127"]

1. Nf3 Nf6 2. c4 c5 3. Nc3 d5 4. cxd5 Nxd5 5. e4 Nc7 6. d4 cxd4 7. Qxd4 Qxd4 8. Nxd4 a6 9. Bf4 Ne6 10. Nxe6 Bxe6 11. Nd5 Bxd5 12. exd5 Nd7 13. Rc1 Nf6 14. Bc4 g6 15. Ke2 Bg7 16. Bb3 O-O 17. Rc7 b5 18. Rxe7 a5 19. a3 Nh5 20. Bc1 Rac8 21. Kd1 a4 22. Ba2 Rfd8 23. Rb7 Rc5 24. Be3 Rcc8 25. Rxb5 Nf6 26. Ke2 Ng4 27. Rd1 Nxh2 28. f3 Be5 29. Rd2 Bd6 30. Kf2 Rc1 31. Rb6 Nf1 32. Bg5 Bg3+ 33. Ke2 Re8+ 34. Kd3 Nxd2 35. Bxd2 Ra1 36. Bc4 Be1 37. Bg5 Rd1+ 38. Kc2 Rd4 39. Rc6 Kg7 40. Bf6+ Kf8 41. Bxd4 1-0


[Site "https://www.chess.com"]

[Event "Titled Tuesday Blitz August 22 Late 2023"]
[White "Akobian, Varuzhan"]
[Black "Yang, Kevin"]
[WhiteFideId "13300580"]
[BlackFideId "30908485"]
[WhiteElo "2725"]
[BlackElo "2403"]
[Result "1-0"]
[Round "2"]
[TimeControl "180+1"]
[Date "2023.08.22"]
[WhiteClock "0:01:00"]
[BlackClock "0:00:03"]
[Board "128"]

1. d4 Nf6 2. c4 e6 3. Nf3 c5 4. d5 b5 5. Bg5 b4 6. e4 d6 7. Nbd2 Be7 8. Bd3 e5 9. a3 a5 10. axb4 cxb4 11. c5 dxc5 12. Nxe5 O-O 13. Be3 Ba6 14. Bxa6 Rxa6 15. Nec4 Re8 16. O-O Bf8 17. Qc2 Nbd7 18. f3 Qb8 19. Bf2 Qb5 20. Qa4 Rb8 21. Qxb5 Rxb5 22. Ra4 g6 23. Rfa1 Bh6 24. Nb3 Nh5 25. Rxa5 Raxa5 26. Rxa5 Rxa5 27. Ncxa5 Bf8 28. Nc4 Nf4 29. Kf1 Nd3 30. Bg3 Bg7 31. Ke2 Nxb2 32. Nxb2 Bxb2 33. Nd2 Bc3 34. Nc4 b3 35. Kd3 Bd4 36. Be1 f5 37. Bc3 fxe4+ 38. fxe4 Bg1 39. h3 Bh2 40. Nd2 b2 41. Bxb2 Bf4 42. Nc4 Kf7 43. e5 Nf8 44. Ke4 Ke7 45. Kxf4 1-0


[Site "https://www.chess.com"]

[Event "Titled Tuesday Blitz August 22 Late 2023"]
[White "Sari, Yasin"]
[Black "Lamaze, Simon"]
[WhiteFideId "6320902"]
[BlackFideId "36069264"]
[WhiteElo "2403"]
[BlackElo "2702"]
[Result "0-1"]
[Round "2"]
[TimeControl "180+1"]
[Date "2023.08.22"]
[WhiteClock "0:00:00"]
[BlackClock "0:01:07"]
[Board "129"]

1. e4 c6 2. d3 d5 3. Nd2 e5 4. Ngf3 Bd6 5. d4 exd4 6. exd5 cxd5 7. Nxd4 Nf6 8. Be2 O-O 9. c3 Nc6 10. N2b3 Ne5 11. O-O a6 12. Bg5 h6 13. Bh4 Ng6 14. Bg3 Be7 15. Bf3 Ne4 16. Re1 f5 17. Bh5 Kh7 18. Bxg6+ Kxg6 19. Be5 Bd7 20. f3 Ng5 21. Ne2 Bc8 22. Nf4+ Kh7 23. Qxd5 Qxd5 24. Nxd5 Bd8 25. Bd6 Rh8 26. Nc7 Ra7 27. Bc5 b6 28. Bxb6 Rxc7 29. Bxc7 Bxc7 30. Rad1 Bb6+ 31. Kh1 f4 32. c4 Be3 33. c5 Bb7 34. Re2 Nxf3 35. Rc2 Nh4 36. c6 Bc8 37. Re1 Bf5 38. Rc3 Be4 39. Rcxe3 Bxg2+ 40. Kg1 fxe3 41. Rxe3 Bxc6 42. Nd4 Nf3+ 43. Kf2 Nxd4 0-1


[Site "https://www.chess.com"]

[Event "Titled Tuesday Blitz August 22 Late 2023"]
[White "Perske, Thore"]
[Black "ExchangeAB"]
[WhiteFideId "12902195"]
[WhiteElo "2700"]
[BlackElo "2402"]
[Result "0-1"]
[Round "2"]
[TimeControl "180+1"]
[Date "2023.08.22"]
[WhiteClock "0:00:17"]
[BlackClock "0:00:13"]
[Board "130"]

1. d4 Nf6 2. g3 d5 3. Bg2 c6 4. Nf3 Bf5 5. c4 h6 6. Nc3 e6 7. Qb3 Qb6 8. c5 Qxb3 9. axb3 Na6 10. O-O Be7 11. h3 Nd7 12. g4 Bc2 13. Ra3 O-O 14. Bf4 f6 15. Rc1 Bh7 16. Bg3 e5 17. e3 e4 18. Nd2 f5 19. Rca1 g5 20. Bd6 Bxd6 21. cxd6 f4 22. Bf1 Ndb8 23. Na4 Nb4 24. Nc5 a6 25. Ra4 fxe3 26. Rxb4 exd2 27. Rxb7 Rd8 28. d7 Kf7 29. Rd1 Ke7 30. Rxd2 Nxd7 31. Bxa6 Kd6 32. Bf1 Bg8 33. Na4 Rdb8 34. Rxb8 Rxb8 35. Rc2 Rxb3 36. Bg2 Rb4 37. Nc5 Rxd4 38. Nb7+ Kc7 39. Na5 Ne5 40. Bf1 Be6 41. Bb5 Bd7 42. Be2 Kb6 43. Nb3 Rb4 44. Nc5 Bc8 45. b3 Nf3+ 46. Bxf3 exf3 47. Kh2 Rf4 48. Kg3 Ba6 49. Nd7+ Kc7 50. Ne5 Bb5 51. Nxf3 Rb4 52. Rc3 Kb6 53. Ne5 d4 54. Rf3 Be2 55. Rf6 Rxb3+ 56. Kg2 Bb5 57. Rxh6 d3 58. Rd6 Kc5 59. Rd8 Kb4 60. Nf7 c5 61. Nxg5 c4 62. Ne4 c3 63. Nxc3 Kxc3 64. h4 d2 65. Rxd2 Kxd2 66. f3 Kd3 67. Kg3 Kd4 68. Kf4 Kd5 69. Kf5 Rxf3+ 70. Kg6 Ke6 71. g5 Bd3+ 72. Kg7 Rh3 73. g6 Bxg6 74. Kxg6 Rxh4 75. Kg5 Ra4 0-1


[Site "https://www.chess.com"]

[Event "Titled Tuesday Blitz August 22 Late 2023"]
[White "Haitin, Ilja"]
[Black "Diaz Perez, Michel Alejandro"]
[WhiteFideId "4501764"]
[BlackFideId "3517179"]
[WhiteElo "2398"]
[BlackElo "2698"]
[Result "0-1"]
[Round "2"]
[TimeControl "180+1"]
[Date "2023.08.22"]
[WhiteClock "0:00:00"]
[BlackClock "0:00:40"]
[Board "131"]

1. Nf3 Nf6 2. b3 d6 3. d4 Nbd7 4. Bb2 g6 5. e3 Bg7 6. c4 O-O 7. Be2 c5 8. O-O cxd4 9. Nxd4 a6 10. Nc3 Ne5 11. Rc1 Nc6 12. Nxc6 bxc6 13. Bf3 Bd7 14. c5 d5 15. Na4 Bf5 16. Nb6 Ra7 17. h3 Re8 18. g4 Bc8 19. g5 Nd7 20. Bxg7 Kxg7 21. Qd4+ e5 22. Qh4 Nxb6 23. Qh6+ Kg8 24. cxb6 Qxb6 25. h4 e4 26. Be2 Rae7 27. Kg2 d4 28. Bc4 Be6 29. h5 dxe3 30. fxe3 Qxe3 31. Rce1 Qd4 32. hxg6 fxg6 33. Bxe6+ Rxe6 34. Rd1 Qg7 35. Qxg7+ Kxg7 36. Kf2 e3+ 37. Ke2 Re5 38. Rd7+ R8e7 39. Rxe7+ Rxe7 40. Rf6 Re5 41. Rxc6 a5 42. Rc7+ Kg8 43. Ra7 Rxg5 44. Kxe3 h5 45. Kf4 Rb5 46. Ra8+ Kg7 47. Ra7+ Kh6 48. Ra6 Rf5+ 49. Kg3 Kg5 50. Kg2 Rc5 51. Ra7 Rc2+ 52. Kg3 Rxa2 53. b4 Ra3+ 54. Kh2 axb4 55. Rb7 Rb3 56. Rb5+ Kg4 57. Rb6 g5 58. Kh1 Rb2 59. Rc6 Kg3 60. Rc1 g4 61. Rd1 Kh3 62. Kg1 g3 63. Kh1 b3 64. Rf1 Rc2 0-1


[Site "https://www.chess.com"]

[Event "Titled Tuesday Blitz August 22 Late 2023"]
[White "Wu, Derek"]
[Black "sebastianmarinp"]
[WhiteFideId "30914558"]
[WhiteElo "2682"]
[BlackElo "2396"]
[Result "0-1"]
[Round "2"]
[TimeControl "180+1"]
[Date "2023.08.22"]
[WhiteClock "0:00:00"]
[BlackClock "0:00:07"]
[Board "132"]

1. e4 e6 2. d4 d5 3. Nc3 Nf6 4. e5 Nfd7 5. f4 c5 6. Nf3 Nc6 7. Be3 a6 8. Qd2 b5 9. dxc5 Nxc5 10. Bd3 Be7 11. Ne2 Ne4 12. Bxe4 dxe4 13. Qxd8+ Nxd8 14. Nd2 Bb7 15. Ng3 Rc8 16. O-O-O Nc6 17. Kb1 Nb4 18. c3 Nd5 19. Rhe1 Nxe3 20. Rxe3 Bc5 21. Ree1 Bf2 22. Ndxe4 Bxe1 23. Nd6+ Ke7 24. Nxc8+ Rxc8 25. Rxe1 Bxg2 26. Re2 Bb7 27. Kc2 Rc4 28. f5 Rf4 29. fxe6 Kxe6 30. Kd2 g6 31. Ke3 Rf3+ 32. Kd2 h5 33. b3 h4 34. Ne4 Bxe4 35. Rxe4 Rf2+ 36. Kd3 Rxh2 37. a4 g5 38. axb5 axb5 39. Rb4 Rf2 40. Ke3 Rf5 41. Rxb5 Rxe5+ 42. Rxe5+ Kxe5 43. b4 Kd5 44. b5 f5 45. c4+ Kc5 46. Kf3 g4+ 47. Kg2 f4 48. Kg1 h3 49. Kh2 f3 50. Kg3 Kb6 51. Kf2 h2 52. c5+ Kxc5 0-1


[Site "https://www.chess.com"]

[Event "Titled Tuesday Blitz August 22 Late 2023"]
[White "Albertini, Luca"]
[Black "Salimova, Nurgyul"]
[WhiteFideId "847038"]
[BlackFideId "2915138"]
[WhiteElo "2394"]
[BlackElo "2677"]
[Result "0-1"]
[Round "2"]
[TimeControl "180+1"]
[Date "2023.08.22"]
[WhiteClock "0:01:21"]
[BlackClock "0:01:30"]
[Board "133"]

1. d4 Nf6 2. c4 g6 3. Nc3 Bg7 4. e4 O-O 5. Be3 c5 6. Nf3 cxd4 7. Nxd4 Nc6 8. f3 d6 9. Qd2 Nxd4 10. Bxd4 Bd7 11. O-O-O a6 12. Kb1 b5 13. cxb5 axb5 14. Nxb5 Qb8 15. Nc3 Be6 16. Nd5 Bxd5 17. exd5 Rc8 18. Bc3 Rxc3 19. Qxc3 Nxd5 20. Qxg7+ Kxg7 21. Rxd5 Rxa2 22. Rd2 Qa7 23. Kc2 Qa4+ 24. Kd3 Ra1 25. Ke2 Qb4 26. Rc2 Qe1+ 27. Kd3 Rd1+ 28. Kc4 d5+ 29. Kb3 Qe3+ 30. Rc3 Qf2 31. g4 Rxf1 0-1


[Site "https://www.chess.com"]

[Event "Titled Tuesday Blitz August 22 Late 2023"]
[White "Melikhov, Evgeny V."]
[Black "Korchmar, Vasiliy"]
[WhiteFideId "4122046"]
[BlackFideId "24131750"]
[WhiteElo "2393"]
[BlackElo "2662"]
[Result "0-1"]
[Round "2"]
[TimeControl "180+1"]
[Date "2023.08.22"]
[WhiteClock "0:00:00"]
[BlackClock "0:00:20"]
[Board "134"]

1. d4 Nf6 2. c4 c6 3. Nc3 d5 4. e3 e6 5. Nf3 Nbd7 6. Bd3 dxc4 7. Bxc4 b5 8. Bd3 b4 9. Ne4 Nxe4 10. Bxe4 Bb7 11. Nd2 Be7 12. O-O O-O 13. Nc4 Nf6 14. Bf3 Rc8 15. Qa4 Qc7 16. Bd2 c5 17. Bxb7 Qxb7 18. Rfc1 Ne4 19. Be1 cxd4 20. exd4 Bf6 21. Qxb4 Qd5 22. Ne3 Qxd4 23. Qxd4 Bxd4 24. Rxc8 Rxc8 25. Rb1 f5 26. b4 f4 27. Nd1 Rc2 28. a4 g5 29. b5 g4 30. Kf1 Ra2 31. a5 Nd6 32. b6 axb6 33. axb6 Nb7 34. Bc3 Bc5 35. Nb2 Ra3 36. Be5 Rb3 37. Rc1 Bxb6 38. Nc4 f3 39. Nxb6 Rxb6 40. gxf3 gxf3 41. Ke1 Rb5 42. Bf4 Nc5 43. Rc3 Rb1+ 44. Kd2 Ne4+ 45. Kc2 Nxc3 46. Kxc3 Rd1 47. Bd2 e5 48. Kd3 Rh1 49. Ke3 Rxh2 50. Kxf3 Kf7 51. Kg3 Rh1 52. f4 e4 53. Kg2 Rb1 54. Kf2 Ke6 55. Ke3 Kf5 0-1


[Site "https://www.chess.com"]

[Event "Titled Tuesday Blitz August 22 Late 2023"]
[White "Ozdemir, Serhan Berat"]
[Black "Arnold, Ken"]
[WhiteFideId "6374611"]
[BlackFideId "2056836"]
[WhiteElo "2659"]
[BlackElo "2390"]
[Result "0-1"]
[Round "2"]
[TimeControl "180+1"]
[Date "2023.08.22"]
[WhiteClock "0:00:00"]
[BlackClock "0:01:18"]
[Board "135"]

1. e4 c6 2. d4 d5 3. exd5 cxd5 4. c4 Nf6 5. Nc3 Nc6 6. Bg5 e6 7. Nf3 Be7 8. Be2 O-O 9. O-O dxc4 10. Bxc4 a6 11. Bb3 b5 12. Qe2 Bb7 13. Rad1 Nb4 14. Ne5 Nfd5 15. Bd2 Bf6 16. Ne4 a5 17. a3 a4 18. Nc5 Bc8 19. Bxd5 Nxd5 20. Qxb5 Bxe5 21. dxe5 Qc7 22. Nxa4 Bd7 0-1


[Site "https://www.chess.com"]

[Event "Titled Tuesday Blitz August 22 Late 2023"]
[White "JerMorGurgeh"]
[Black "Chen, Justin"]
[BlackFideId "2098199"]
[WhiteElo "2389"]
[BlackElo "2653"]
[Result "1-0"]
[Round "2"]
[TimeControl "180+1"]
[Date "2023.08.22"]
[WhiteClock "0:00:05"]
[BlackClock "0:00:00"]
[Board "136"]

1. d4 Nf6 2. Nf3 g6 3. c4 Bg7 4. g3 O-O 5. Bg2 d6 6. O-O c5 7. Nc3 Nc6 8. dxc5 dxc5 9. Be3 Qa5 10. Qa4 Ng4 11. Qxa5 Nxa5 12. Bxc5 Nxc4 13. Rac1 Be6 14. b3 Nd6 15. Bxd6 exd6 16. Nb5 Rfd8 17. Nfd4 Rd7 18. Nxe6 fxe6 19. Bh3 h5 20. f3 a6 21. Nc7 Bd4+ 22. Kh1 Rc8 23. Nxe6 Nf2+ 24. Kg2 Rxc1 25. Rxc1 Nxh3 26. Nxd4 Ng5 27. h4 Nf7 28. Ne6 Ne5 29. Rc8+ Kf7 30. Ng5+ Ke7 31. Rg8 d5 32. f4 Ng4 33. Rxg6 d4 34. Rg7+ Kd6 35. Ne4+ Kc6 36. Rxd7 Kxd7 37. Nf2 Ne3+ 38. Kf3 Ke6 39. Ke4 Nc2 40. g4 hxg4 41. Nxg4 Nb4 42. h5 Nxa2 43. h6 Nc3+ 44. Kd3 Kf7 45. f5 Nd5 46. Kxd4 Nf4 47. Ke3 1-0


[Site "https://www.chess.com"]

[Event "Titled Tuesday Blitz August 22 Late 2023"]
[White "Karas, Marek"]
[Black "Karttunen, Mika"]
[WhiteFideId "14928558"]
[BlackFideId "502081"]
[WhiteElo "2389"]
[BlackElo "2646"]
[Result "1-0"]
[Round "2"]
[TimeControl "180+1"]
[Date "2023.08.22"]
[WhiteClock "0:00:20"]
[BlackClock "0:00:17"]
[Board "137"]

1. d4 Nf6 2. Nf3 g6 3. Nc3 d5 4. Bf4 Bg7 5. Nb5 Na6 6. e3 O-O 7. h3 c6 8. Nc3 c5 9. Bxa6 bxa6 10. dxc5 Bb7 11. O-O Qa5 12. Be5 Qxc5 13. Qd4 Qc6 14. Qa4 e6 15. Qxc6 Bxc6 16. Nd4 Bb7 17. f4 Rfc8 18. Rfc1 Rc4 19. Nde2 Rac8 20. Kf1 Nd7 21. Bxg7 Kxg7 22. Nd4 h5 23. Nce2 Nf6 24. g3 Ne4 25. Kg2 Kf8 26. c3 Ke7 27. g4 Rh8 28. g5 h4 29. Nf3 Rc7 30. Ned4 Nd6 31. Ne5 Ne4 32. Rd1 Ba8 33. Rac1 Rb8 34. Rc2 a5 35. Kh2 a4 36. Rdc1 Rb6 37. c4 dxc4 38. Nxc4 Rb8 39. Ne5 Rxc2+ 40. Rxc2 Rb7 41. b3 axb3 42. axb3 a6 43. Rc8 Ra7 44. Ndc6+ Bxc6 45. Nxc6+ Kd7 46. Nxa7 Nd2 47. Rf8 Nf1+ 48. Kg1 Nxe3 49. Rxf7+ Kd6 50. Nc8+ Kd5 51. Rf6 Nc2 52. Rxg6 Nd4 53. Rf6 Nxb3 54. g6 1-0


[Site "https://www.chess.com"]

[Event "Titled Tuesday Blitz August 22 Late 2023"]
[White "Goltsev, Dmitry"]
[Black "Jorajuria Mendoza, Algol"]
[WhiteFideId "24176710"]
[BlackFideId "5128897"]
[WhiteElo "2622"]
[BlackElo "2388"]
[Result "0-1"]
[Round "2"]
[TimeControl "180+1"]
[Date "2023.08.22"]
[WhiteClock "0:00:04"]
[BlackClock "0:00:11"]
[Board "138"]

1. e4 c5 2. Nf3 Nc6 3. d4 cxd4 4. Nxd4 Nf6 5. Nc3 e5 6. Nf5 d5 7. exd5 Bxf5 8. dxc6 bxc6 9. Bd3 e4 10. Bc4 Bc5 11. Be3 Qb6 12. Bxc5 Qxc5 13. Bb3 Bg4 14. Qd2 Rd8 15. Qf4 O-O 16. O-O Rfe8 17. Rae1 Qf5 18. Qc7 Qd7 19. Qa5 g6 20. Qg5 Qf5 21. Qe3 Kg7 22. Qxa7 Rd7 23. Qe3 h5 24. h3 Qe5 25. hxg4 hxg4 26. Qg3 Qh5 27. Qh2 Qc5 28. g3 Rd2 29. Re2 e3 30. Rxd2 exd2 31. Nd1 Re1 32. Qg2 Ne4 33. c3 Ng5 34. Ne3 Nf3+ 35. Qxf3 gxf3 36. Bd1 Qh5 37. a4 g5 38. a5 g4 39. a6 Qh3 40. a7 Rxf1+ 41. Nxf1 Qg2# 0-1


[Site "https://www.chess.com"]

[Event "Titled Tuesday Blitz August 22 Late 2023"]
[White "Ozalp, Burak"]
[Black "Hilary46"]
[WhiteFideId "6314210"]
[WhiteElo "2388"]
[BlackElo "2607"]
[Result "0-1"]
[Round "2"]
[TimeControl "180+1"]
[Date "2023.08.22"]
[WhiteClock "0:00:31"]
[BlackClock "0:01:10"]
[Board "139"]

1. e4 e5 2. Nc3 Nf6 3. g3 d5 4. exd5 Nxd5 5. Bg2 Nxc3 6. bxc3 Bd6 7. Nf3 O-O 8. d3 f5 9. O-O Nc6 10. Rb1 f4 11. Nd2 Bc5 12. Ne4 Bb6 13. Ba3 Rf7 14. Qh5 Bf5 15. Ng5 Bg6 16. Qh4 Rf5 17. Nf3 Qd5 18. Nd4 f3 19. Nxf3 Rxf3 20. c4 Qf7 21. Bxf3 Qxf3 22. c5 Nd4 23. Rfe1 Ba5 24. Rxe5 Ne2+ 25. Kf1 Nc3 26. Qc4+ Kh8 27. Kg1 Nxb1 28. c6 Bb6 29. d4 Qxc6 30. Qe2 Nxa3 31. h4 Qxc2 32. Qe3 Nc4 0-1


[Site "https://www.chess.com"]

[Event "Titled Tuesday Blitz August 22 Late 2023"]
[White "Ramadoss, Ashokkumar"]
[Black "Proleiko, Julian"]
[WhiteFideId "5040990"]
[BlackFideId "30900255"]
[WhiteElo "2387"]
[BlackElo "2604"]
[Result "1/2-1/2"]
[Round "2"]
[TimeControl "180+1"]
[Date "2023.08.22"]
[WhiteClock "0:00:12"]
[BlackClock "0:00:33"]
[Board "140"]

1. Nf3 d5 2. c4 d4 3. b4 g5 4. d3 g4 5. Nfd2 e5 6. b5 Bg7 7. a4 Ne7 8. Ba3 O-O 9. g3 Re8 10. h3 Ng6 11. Bg2 gxh3 12. Bxh3 Bxh3 13. Rxh3 Qd7 14. Rh2 Qf5 15. Ne4 Nd7 16. Nbd2 a6 17. Qb3 axb5 18. cxb5 Nf6 19. Nxf6+ Qxf6 20. Ne4 Qd8 21. Kf1 Re6 22. Kg2 c6 23. Rah1 h6 24. Nc5 Re7 25. Bc1 Qd5+ 26. Qxd5 cxd5 27. Bxh6 Bxh6 28. Rxh6 Rc7 29. Ne6 Rc2 30. Ng5 Rxe2 31. Nf3 Rxa4 32. Nh4 Raa2 33. Nxg6 Rxf2+ 34. Kh3 Kg7 35. Kg4 fxg6 36. Rh7+ Kf6 37. Rxb7 e4 38. Rhh7 Ke6 39. Rhe7+ Kd6 40. Red7+ Kc5 41. Rbc7+ Kb6 42. dxe4 dxe4 43. Rb7+ Kc5 44. Rbc7+ Kb6 45. Rb7+ Kc5 46. Rbc7+ Kxb5 47. Rxd4 e3 48. Re7 e2 49. Rde4 Kc5 50. R7e6 g5 51. R6e5+ Kd6 52. Re6+ Kd7 53. Re7+ Kd8 54. Re8+ Kd7 55. R8e7+ Kd6 56. R7e6+ Kd7 57. Re8 Kd6 58. R8e6+ 1/2-1/2


[Site "https://www.chess.com"]